 Dungeon Crawl Stone Soup version 0.20-a0-1122-gb7cbeb9 (webtiles) character file.

148 azrac the Shield-Bearer (level 5, -1/42 HPs)
             Began as a Formicid Fighter on May 13, 2017.
             Slain by a hippogriff (7 damage)
             ... on level 2 of the Dungeon.
             The game lasted 00:03:43 (1827 turns).

azrac the Shield-Bearer (Formicid Fighter)          Turns: 1827, Time: 00:03:44

Health: -1/42      AC:  9    Str: 21    XL:     5   Next: 56%
Magic:  5/5        EV:  6    Int:  7    God:
Gold:   154        SH:  9    Dex: 11    Spells: 4/4 levels left

rFire    . . .     SeeInvis +   a - +0 war axe
rCold    . . .     Gourm    .   c - +0 shield
rNeg     . . .     Faith    .   l - +0 chain mail
rPois    .         Spirit   .   (helmet unavailable)
rElec    .         Reflect  .   (no cloak)
rCorr    .         Harm     .   (no gloves)
MR       .....                  (no boots)
Stlth    ..........             (no amulet)
Regen    0.2/turn               (no ring)
MPRegen  0.1/turn               (no ring)

@: no status effects
A: permanent stasis, dig shafts and tunnels, four strong arms, antennae 3
a: Dig, Shaft Self


You were on level 2 of the Dungeon.
You were not hungry.

You visited 1 branch of the dungeon, and saw 3 of its levels.

You collected 154 gold pieces.

Inventory:

Hand Weapons
 a - a +0 war axe (weapon)
Missiles
 b - 4 tomahawks of dispersal (quivered)
Armour
 c - a +0 shield (worn)
 l - a +0 chain mail (worn)
Jewellery
 o - an uncursed amulet of magic regeneration
Scrolls
 p - a scroll of remove curse
Potions
 d - a potion of might
 e - 2 potions of curing {unknown}
 h - a potion of brilliance {unknown}
 i - a potion of lignification {unknown}
 j - 2 potions of flight {unknown}
 k - a potion of heal wounds {unknown}
 n - a potion of berserk rage {unknown}
Comestibles
 f - 5 bread rations
 g - 3 meat rations
 m - 3 royal jellies
 q - 2 chunks of flesh


   Skills:
 + Level 3.8 Fighting
 + Level 3.5 Axes
 + Level 4.3 Armour
 + Level 0.3 Dodging
 + Level 4.4 Shields


You had 4 spell levels left.
You didn't know any spells.

Dungeon Overview and Level Annotations

Branches:
Dungeon (3/15)

Altars:
The Shining One


Innate Abilities, Weirdness & Mutations

You cannot be hasted, slowed, berserked, paralysed or teleported.
You can dig through walls and to a lower floor.
Your four strong arms can wield two-handed weapons with a shield.
You have a pair of large antennae on your head. (SInv)


Message History

The hippogriff pecks you but does no damage.
You block the hippogriff's attack.
You hit the hippogriff.
The hippogriff is severely wounded.
You block the hippogriff's attack. The hippogriff pecks you.
The hippogriff claws you.
Unknown command.
Your chain mail prevents you from hitting the hippogriff.
The hippogriff is severely wounded.
The hippogriff bites you but does no damage.
The hippogriff pecks you. The hippogriff completely misses you.
The hippogriff bites you but does no damage.
The hippogriff pecks you.
* * * LOW HITPOINT WARNING * * *
The hippogriff claws you.
* * * LOW HITPOINT WARNING * * *
You slash the hippogriff!
The hippogriff is severely wounded.
The hippogriff bites you!
You die...

###### .....#######
.....##....#
.....##....#
.....##....########
......+.........@[#
.....##.........H.#
.....##...........#
.....##...........#
.....##...........#
.....''...........#
.....##...........#
.....##...........#
.....#............#


You could see a hippogriff.

Vanquished Creatures
  An orc wizard (D:3)
  Terence (D:2)
  2 adders (D:2)
  An ooze (D:2)
  An adder skeleton (D:3)
  A worm (D:2)
  3 dart slugs (D:1)
  A leopard gecko (D:1)
  4 orcs (D:3)
  2 giant cockroaches
  4 goblins
  4 hobgoblins (D:1)
  9 jackals
  A quokka (D:2)
  5 bats
  2 frilled lizards
  7 kobolds
  5 rats
54 creatures vanquished.

Notes
Turn   | Place    | Note
-------+----------+-------------------------------------------
     0 | D:1      | azrac the Formicid Fighter began the quest for the Orb.
     0 | D:1      | Reached XP level 1. HP: 18/18 MP: 1/1
    93 | D:1      | Reached XP level 2. HP: 21/24 MP: 2/2
   278 | D:1      | Reached XP level 3. HP: 27/29 MP: 3/3
   614 | D:2      | Reached XP level 4. HP: 30/35 MP: 4/4
   893 | D:2      | Found a glowing golden altar of the Shining One.
  1377 | D:3      | Reached XP level 5. HP: 15/42 MP: 5/5
  1681 | D:3      | Noticed Terence
  1683 | D:3      | Noticed a hippogriff
  1715 | D:2      | Killed Terence
  1827 | D:2      | Slain by a hippogriff

Vault maps used:
D:1:      elethiomel_arrival_maze, glass_columns_a
D:2:      first_bread, tso_metal_star
D:3:      uniq_terence

Skill      XL: |  1  2  3  4 |
---------------+-------------+-----
Shields        | 4 |  4.4
Armour         | 4 |  4.3
Axes           | 3 |  3.5
Fighting       | |  3.8
Dodging        | |  0.3

Action                   |  1- 3 |  4- 6 || total
-------------------------+-------+-------++-------
Melee: War axe           |    78 |   107 ||   185
Throw: Tomahawk          |       |     4 ||     4
  Use: Scroll            |       |     1 ||     1
  Eat: Chunk             |       |     3 ||     3
Armor: Scale mail        |    38 |    15 ||    53
       Chain mail        |       |    51 ||    51
Dodge: Dodged            |    23 |    46 ||    69
Block: Shield            |    60 |    76 ||   136
